AoeStats
← bill.bolding23

Scandinavia

510421442Analyzed
1v1 RM · 15h ago on Sep 30, 2026· 55m 58s· 2 players
Game mode
Random Map
Map size
Tiny (2 player)
Population
200
Speed
Normal
Resources
Standard
Victory
Conquest
Starting age
Dark Age
Ending age
Imperial Age
RankedLock teamsTeams togetherTeam positionsShared explorationLock speedFull tech treeHidden civsTurbo modeCheats
Victory
Defeat
🇺🇸 Celts · United States
633
+14
🇺🇸 Mongols · United States
583
-14
bill.bolding23
10:38 Feudal Age
13:28 Bloodlines
18:13 Castle Age
17:43 Wheelbarrow
19:25 Padded Archer Armor
19:16 Fletching
19:32 Scale Barding Armor
19:30 Husbandry
19:56 Double-Bit Axe
20:01 Horse Collar
20:22 Stone Mining
22:49 Bow Saw
24:22 Gold Mining
25:46 Hand Cart
25:45 Town Watch
26:18 Heavy Plow
27:21 Town Patrol
33:21 Leather Archer Armor
33:02 Bodkin Arrow
33:27 Chain Barding Armor
33:19 Forging
35:47 Ballistics
35:22 Murder Holes
35:38 Fortified Wall
40:26 Imperial Age
41:36 Conscription
40:38 Elite Mangudai
43:50 Elite Steppe Lancer
Hannibal
0:31 Loom
14:25 Feudal Age
20:51 Castle Age
19:14 Horse Collar
19:35 Gold Mining
19:37 Stone Mining
22:10 Pikeman
23:27 Husbandry
23:29 Town Watch
23:42 Fletching
25:00 Horse Collar
25:44 Fishing Lines
28:30 Gillnets
30:43 Wheelbarrow
36:08 Imperial Age
34:19 Hand Cart
34:48 Bodkin Arrow
35:06 Forging
36:28 Capped Ram
38:45 Iron Casting
39:42 Gold Shaft Mining
41:08 Halberdier
43:52 Conscription
42:56 Light Cavalry
43:37 Husbandry
47:42 Furor Celtica
51:27 Blast Furnace
50:45 Scale Mail Armor
Connection lost

Rejoining the realm…

Still unreachable

The connection could not be restored.

Session expired

The server has moved on; the page needs a fresh start.